 Dungeon Crawl Stone Soup version 0.20-a0-443-g0464b71 (webtiles) character file.

79 Ijustatesigmund the Sneak (level 4, -1/24 HPs)
             Began as a Vine Stalker Assassin on Jan 6, 2017.
             Killed from afar by an orc wizard (5 damage)
             ... with a magic dart
             ... on level 3 of the Dungeon.
             The game lasted 00:05:24 (1319 turns).

Ijustatesigmund the Sneak (Vine Stalker Assassin)   Turns: 1319, Time: 00:05:25

Health: -1/24      AC:  6    Str: 13    XL:     4   Next: 37%
Magic:  0/6        EV: 11    Int: 11    God:
Gold:   152        SH:  0    Dex: 17    Spells: 4/4 levels left

rFire  . . .     SeeInvis .     t - +2 dagger (speed)
rCold  . . .     Gourm    .     c - +0 robe
rNeg   . . .     Faith    .     (no shield)
rPois  .         Spirit   +     (no helmet)
rElec  .         Reflect  .     d - +0 cloak
rCorr  .         Harm     .     l - +2 pair of gloves
MR     .....                    (no boots)
Stlth  +++.......               (no amulet)
                                (no ring)
                                (no ring)

@: very slightly contaminated, hasted, very quick
A: fangs 2, regeneration 1, magic shield, antimagic bite, no potion heal 3, rot
immunity
a: no special abilities


You were on level 3 of the Dungeon.
You were not hungry.

You visited 1 branch of the dungeon, and saw 3 of its levels.

You collected 152 gold pieces.

Inventory:

Hand Weapons
 a - a +3 dagger
 b - a +0 blowgun
 t - a +2 dagger of speed (weapon)
Missiles
 e - 8 poisoned needles
 f - 2 curare-tipped needles
 r - 4 tomahawks (quivered)
Armour
 c - a +0 robe (worn)
 d - a +0 cloak (worn)
 l - a +2 pair of gloves (worn)
Scrolls
 m - a scroll of teleportation
Potions
 h - 2 potions of curing
 k - a potion of degeneration {unknown}
 n - a potion of cancellation
 p - a potion of might
 q - a potion of haste
Comestibles
 g - a bread ration
 i - 5 fruits
 j - 2 beef jerkies
 o - 2 slices of pizza


   Skills:
 + Level 3.0 Fighting
 + Level 3.0 Short Blades
 - Level 1.7 Throwing
 - Level 0.7 Dodging
 - Level 4.8 Stealth
 + Level 0.8 Spellcasting


You had 4 spell levels left.
You didn't know any spells.

Dungeon Overview and Level Annotations

Branches:
Dungeon (3/15)

Altars:
Kikubaaqudgha


Innate Abilities, Weirdness & Mutations

You have extremely sharp teeth.
Your natural rate of healing is unusually fast.
When hurt, damage is shared between your health and your magic reserves.
Your bite disrupts and absorbs the magic of your enemies.
Potions cannot restore your health.
You are immune to rotting.


Message History

The orc wizard hits you but does no damage.
The orc hits you but does no damage.
You barely miss the orc wizard.
You bite the orc wizard, but do no damage.
You barely miss the orc wizard. The orc wizard hits you with a dagger.
* * * LOW HITPOINT WARNING * * *
The orc closely misses you.
You feel yourself speed up.
The orc wizard points at you and mumbles some strange words.
The puff of flame hits you!
* * * LOW HITPOINT WARNING * * *
The orc hits you but does no damage.
You are very lightly contaminated with residual magic.
You aren't carrying any items that you can evoke.
Unknown command.
Okay, then.
Okay, then.
The orc wizard casts a spell at you. The magic dart hits you!
You die...

#............# #...#
#............# #...#
#............# #...#
#....oo......# #...#
#............# #...#
#............# #...#
#............###...#
#..................#
#.##.@#######......###
#.##..................
#.##..>...............
#......######...######
########..# #...#
#.........# #...#
#.#######.# #...# #.#
#?# #...# #.# #####.#
#...#


You could see an orc wizard and an orc.

Vanquished Creatures
  2 adders (D:3)
  A worm (D:2)
  2 dart slugs (D:1)
  A leopard gecko (D:3)
  3 orcs (D:3)
  A ball python (D:1)
  3 giant cockroaches (D:1)
  10 hobgoblins
  5 bats
  A frilled lizard (D:2)
  7 goblins
  8 kobolds
  5 rats
49 creatures vanquished.

Vanquished Creatures (others)
  2 jackals (D:1)
2 creatures vanquished.

Grand Total: 51 creatures vanquished

Notes
Turn   | Place    | Note
-------+----------+-------------------------------------------
     0 | D:1      | Ijustatesigmund the Vine Stalker Assassin began the quest for the Orb.
     0 | D:1      | Reached XP level 1. HP: 11/11 MP: 2/2
    47 | D:1      | Reached XP level 2. HP: 12/15 MP: 3/3
   407 | D:1      | Reached XP level 3. HP: 19/19 MP: 4/4
   866 | D:2      | Found an ancient bone altar of Kikubaaqudgha.
  1247 | D:3      | Gained mutation: Your natural rate of healing is unusually fast. [Vine Stalker growth]
  1247 | D:3      | Reached XP level 4. HP: 24/24 MP: 5/5
  1310 | D:3      | HP: 1/24 [orc wizard/puff of flame (7)]
  1319 | D:3      | Killed from afar by an orc wizard

Vault maps used:
D:1:      lightli_arrival_statuegarden, kennysheep_another_room,
          grunt_decor_arrowhead, lemuel_flame_loot_1
D:2:      kiku_gazebo_pond_becter

Skill      XL: |  1  2  3  4 |
---------------+-------------+-----
Fighting       | 2 3 |  3.0
Short Blades   | 2 3 |  3.0
Throwing       | |  1.7
Dodging        | |  0.7
Stealth        | |  4.8
Spellcasting   | |  0.8

Action                   |  1- 3 |  4- 6 || total
-------------------------+-------+-------++-------
Melee: Dagger            |   101 |    12 ||   113
       Bite              |    11 |     7 ||    18
  Use: Scroll            |     8 |       ||     8
       Potion            |       |     2 ||     2
 Stab: Sleeping          |    10 |       ||    10
  Eat: Chunk             |     1 |       ||     1
Armor: Robe              |    37 |     4 ||    41
Dodge: Dodged            |    54 |     6 ||    60
